 Seeded DCSS version 0.28-a0-1033-g1a2f33fa85 (webtiles) character file.

Game seed: 3527403583651477610 (custom seed)

44 croobank the Digger (level 3, -3/25 HPs)
             Began as a Gnoll Earth Elementalist on Dec 7, 2021.
             Succumbed to a goblin's poison
             ... on level 2 of the Dungeon.
             The game lasted 00:10:47 (2530 turns).

croobank the Digger (Gnoll Earth Elementalist)      Turns: 2530, Time: 00:10:47

Health: -3/25      AC:  4    Str:  9    XL:     3   Next: 60%
Magic:  9/9        EV: 12    Int: 14    God:
Gold:   105        SH:  0    Dex: 12    Spells: 11/12 levels left

rFire   . . .      SeeInvis .   g - +0 falchion
rCold   . . .      Faith    .   (no shield)
rNeg    . . .      Spirit   .   d - +0 leather armour
rPois   .          Reflect  .   (no helmet)
rElec   .          Harm     .   m - +0 cloak
rCorr   .          Rampage  .   (no gloves)
Will    .....                   (no boots)
Stlth   ++........              (no amulet)
HPRegen 0.08/turn               (no ring)
MPRegen 0.11/turn               (no ring)

@: lethally poisoned (-3 -> -16)
A: fangs 1, strong nose, distributed training
a: no special abilities


You were on level 2 of the Dungeon.
You visited 1 branch of the dungeon, and saw 2 of its levels.

You collected 105 gold pieces.

Inventory:

Hand Weapons
 g - a +0 falchion (weapon)
Missiles
 c - 14 stones
 j - 14 sling bullets
 k - 9 javelins
Armour
 b - a +0 robe
 d - a +0 leather armour (worn)
 e - a +0 plate armour
 m - a +0 cloak (worn)
Magical Staves
 l - a staff of conjuration
Scrolls
 a - a scroll of immolation {immolation, unknown}
 f - a scroll of fog {fog, unknown}
 i - a scroll of identify {identify, unknown}
Potions
 h - a potion of might {might, unknown}


   Skills:
 + Level 0.9 Fighting
 + Level 0.9 Short Blades
 + Level 0.9 Long Blades
 + Level 0.9 Axes
 + Level 0.9 Maces & Flails
 + Level 0.9 Polearms
 + Level 0.9 Staves
 + Level 0.9 Slings
 + Level 0.9 Bows
 + Level 0.9 Crossbows
 + Level 0.9 Throwing
 + Level 0.9 Armour
 + Level 4.5 Dodging
 + Level 4.2 Stealth
 + Level 0.9 Shields
 + Level 0.9 Unarmed Combat
 + Level 5.0 Spellcasting
 + Level 0.6 Conjurations
 + Level 0.6 Hexes
 + Level 0.6 Summonings
 + Level 0.6 Necromancy
 + Level 0.6 Translocations
 + Level 2.1 Transmutations
 + Level 0.6 Fire Magic
 + Level 0.6 Ice Magic
 + Level 0.6 Air Magic
 + Level 5.4 Earth Magic
 + Level 0.6 Poison Magic
 + Level 1.0 Invocations
 + Level 0.9 Evocations


You had 11 spell levels left.
You knew the following spells:

 Your Spells              Type           Power      Damage    Failure   Level
a - Sandblast             Erth           36%        2d10      2%          1

Your spell library contained the following spells:

 Spells                   Type           Power      Damage    Failure   Level
 Passwall                 Tmut/Erth      11%        N/A       8%          2
 Stone Arrow              Conj/Erth      24%        3d8       21%         3
 Petrify                  Tmut/Erth      14%        N/A       45%         4


Dungeon Overview and Level Annotations

Branches:
Dungeon (2/15)

Altars:
Dithmenos

Shops:
D:1 *


Innate Abilities, Weirdness & Mutations

You have very sharp teeth.
Your uncanny sense of smell can sniff out nearby items.
Your experience applies equally to all skills.


Message History

Press: ? - help, Q - select action, (/) - cycle Shift-Dir - straight line, f - ball python
Aim: a ball python (severely wounded, constricting you, 77% to hit)
Okay, then.
You hit the ball python.
You kill the ball python!
You see here a ball python corpse.
You open the door.
You see here a +0 leather armour.
c - 14 stones (gained 3)
Things that are here:
a +0 club; a kobold corpse
Found 4 javelins.
k - 9 javelins (gained 4)
Things that are here:
a +0 club; a kobold corpse You now have 105 gold pieces (gained 13).
A goblin comes into view. It is wielding a +2 dagger of venom.
The goblin shouts!
The goblin hits you with a +2 dagger of venom.
You hit the goblin but do no damage.
The goblin hits you with a +2 dagger of venom.
You hit the goblin but do no damage.
The goblin hits you with a +2 dagger of venom.
You are lethally poisoned!
The goblin hits you but does no damage.
You are more poisoned.
You hit the goblin.
The goblin is severely wounded.
* * * LOW HITPOINT WARNING * * *
You feel very sick. The goblin barely misses you.
You barely miss the goblin.
The goblin is severely wounded.
* * * LOW HITPOINT WARNING * * *
You feel very sick. The goblin barely misses you.
Okay, then.
You barely miss the goblin.
The goblin is severely wounded.
You die...

.....# #.# #..... .....# #.#
### ###### .....# #.# #..
.....# #.# #.# .....# #.# #.#
###### #.# #.## #.# #..
#.#######g###########
##.......#@#.........#
#.....##.#.#.#.#.###.#
#.....##.#.#.#.#.#
#.....'..#.###.#.#####.##
#.....##.#.....#.........
#.....##.#######.##########
###########.......#.#...#.....
#........##.......#.#.#...##..
#........##.#####.#.#.#.#.##..


You could see a goblin.

Vanquished Creatures
  2 dart slugs (D:1)
  3 endoplasms
  3 giant cockroaches
  4 goblins (D:1)
  4 hobgoblins
  3 jackals (D:1)
  3 kobolds
  3 quokkas (D:1)
  2 ball pythons (D:2)
  4 bats
  A frilled lizard (D:1)
  3 rats (D:1)
35 creatures vanquished.

Notes
Turn   | Place    | Note
-------+----------+-------------------------------------------
     0 | D:1      | croobank the Gnoll Earth Elementalist began the quest for
                  | the Orb.
     0 | D:1      | Reached XP level 1. HP: 13/13 MP: 6/6
   298 | D:1      | Reached XP level 2. HP: 11/19 MP: 7/7
   481 | D:1      | HP: 1/20 [kobold (4)]
  1151 | D:1      | Reached XP level 3. HP: 21/25 MP: 9/9
  1237 | D:1      | Reached skill level 5 in Spellcasting
  1431 | D:1      | Found Eheaneh's General Store.
  1901 | D:2      | Reached skill level 1 in Invocations
  2148 | D:2      | Found a shadowy altar of Dithmenos.
  2529 | D:2      | HP: 1/25 [poisoned by a goblin]
  2530 | D:2      | Succumbed to a goblin's poison

Illustrated notes

Levels and vault maps discovered:
D:1:      dpeg_arrival_chambers_temple_mockup, layout_loops_ring, serial_shops,
          shop_fountains
D:2:      mumra_celtic_spiral_tile, layout_basic, basic_altar

Skill      XL: |  1  2  3 |
---------------+----------+-----
Transmutations | 2 |  2.1
Spellcasting   | 5 |  5.0
Invocations    | 1 |  1.0
Fighting       | |  0.9
Short Blades   | |  0.9
Long Blades    | |  0.9
Axes           | |  0.9
Maces & Flails | |  0.9
Polearms       | |  0.9
Staves         | |  0.9
Slings         | |  0.9
Bows           | |  0.9
Crossbows      | |  0.9
Throwing       | |  0.9
Armour         | |  0.9
Dodging        | |  4.5
Stealth        | |  4.2
Shields        | |  0.9
Unarmed Combat | |  0.9
Conjurations   | |  0.6
Hexes          | |  0.6
Summonings     | |  0.6
Necromancy     | |  0.6
Translocations | |  0.6
Fire Magic     | |  0.6
Ice Magic      | |  0.6
Air Magic      | |  0.6
Earth Magic    | |  5.4
Poison Magic   | |  0.6
Evocations     | |  0.9

Action                   || total
-------------------------++-------
Melee: Falchion          ||    82
       Unarmed           ||     6
       Bite              ||     6
Throw: Javelin           ||     3
 Cast: Sandblast         ||    20
 Stab: Sleeping          ||     3
Armor: Leather armour    ||    24
Dodge: Dodged            ||    67

Table legend: (Time is in decaauts)
 A = Elapsed time spent in this place.
 B = Non-inter-level travel time spent in this place.
 C = Inter-level travel time spent in this place.
 D = Time resting spent in this place.
 E = Time spent auto-exploring this place.
 F = Levels seen in this place.
 G = Mean time per level.
                   A        B        C        D        E       F      G
               +--------+--------+--------+--------+--------+-----+--------+
         Total |   2553 |   2529 |     24 |    675 |   1243 |   2 | 1276.5 |
       Dungeon |   2553 |   2529 |     24 |    675 |   1243 |   2 | 1276.5 |
               +--------+--------+--------+--------+--------+-----+--------+

Top non-repeatable levels by time:
     D:1: 1766 daAuts
     D:2: 787 daAuts
